 Dungeon Crawl Stone Soup version 0.16-a0-326-g6f2d4d4 (webtiles) character file.

55 PolkaDot the Caller (level 3, 0/24 HPs)
             Began as a Vampire Summoner on Sept 4, 2014.
             Succumbed to an adder's poison
             ... on Level 2 of the Dungeon.
             The game lasted 00:04:16 (942 turns).

PolkaDot the Caller (Vampire Summoner)               Turns: 942, Time: 00:04:16

HP   0/24        AC  2     Str  7      XL: 3   Next: 67%
MP   1/6         EV 12     Int 18      God:
Gold 66          SH  0     Dex 14      Spells:  3 memorised,  0 levels left

rFire  + . .     SeeInvis +     f - +0 hand axe
rCold  x . .     Clarity  .     a - +0 robe
rNeg   . . .     rCorr    .     (no shield)
rPois  .         rRot     .     (no helmet)
rElec  .         Spirit   .     (no cloak)
SustAb .         Warding  .     (no gloves)
rMut   .         Stasis   .     (no boots)
Gourm  .                        (no amulet)
MR     .....                    (no ring)
                                h - ring of fire

@: lethally poisoned, very slightly contaminated, regenerating quickly,
invisible, not resistant to hostile enchantments, unstealthy
A: fangs 3, see invisible, unbreathing
a: no special abilities


You were on level 2 of the Dungeon.
You were very full.

You visited 1 branch of the dungeon, and saw 2 of its levels.

You collected 66 gold pieces.

Inventory:

Hand weapons
 f - a +0 hand axe (weapon)
Armour
 a - a +0 robe (worn)
Scrolls
 d - a scroll of immolation
 e - a scroll of identify
 j - a scroll of teleportation {unknown}
Jewellery
 h - a ring of fire (left hand)
Potions
 c - a potion of might
 g - a potion of haste
Books
 b - a book of Callings

   Spells                             Type                      Level
   *Summon Small Mammal               Summoning                    1
   *Call Imp                          Summoning                    2
   *Call Canine Familiar              Summoning                    3
   Summon Guardian Golem              Hexes/Summoning              4
   Summon Lightning Spire             Summoning/Air                4
   Summon Ice Beast                   Ice/Summoning                4


   Skills:
 - Level 2.1 Dodging
 - Level 3.0 Stealth
 - Level 2.0 Spellcasting
 * Level 5.4 Summonings


You couldn't memorise any spells.
You knew the following spells:

 Your Spells              Type           Power        Failure   Level  Hunger
a - Summon Small Mammal   Summ           ###.         1%          1    #......
d - Call Canine Familiar  Summ           ###.....     10%         3    ####...
s - Call Imp              Summ           ###.....     3%          2    ##.....


Dungeon Overview and Level Annotations

Branches:
Dungeon (2/15)

Altars:


Innate Abilities, Weirdness & Mutations

Your natural rate of healing is unusually fast.
You have razor-sharp teeth.
You have supernaturally acute eyesight.
You can survive without breathing.


Message History

You swap places.
* * * LOW HITPOINT WARNING * * *
You feel sick.
Read which item? (? for menu, Esc to quit)
As you read the scroll labeled PNYRRA VAAKANT, it crumbles to dust.
It is a scroll of identify.
Identify which item? (\ to view known items) (? for menu, Esc to quit)
d - a scroll of immolation Read which item? (? for menu, Esc to quit)
Blink to where?
Press: ? - help, Dir - move target cursor
As you read the scroll labeled HERYIS OPORASA, it crumbles to dust.
It was a scroll of blinking.
* * * LOW HITPOINT WARNING * * *
You feel sick.
Read which item? (? for menu, Esc to quit)
Okay, then.
* * * LOW HITPOINT WARNING * * *
You feel sick.
You die...

### ...# ####.##############
.###..........h.%.h§.#
......#.........####5# ##
........###.##.h###b# ..
#.$#.###.###.#.##.# ..
#...@...###..##.#.# #.
.......#.##..##.##.##.# #.
####!.#.##.#)#.#.# #.# #. #.
...#.##...# #.# ##.##
#..#.##.###.## #.# #.#5#
#..#.##.# #.# #.#
#.####.#### #.......# #.#
#.#
#.........######.######.###
######)##[..................


There were no monsters in sight!

Vanquished Creatures
  2 adders
  A giant gecko (D:1)
  4 hobgoblins
  4 kobolds
  A bat (D:1)
  6 giant newts (D:1)
  2 goblins (D:1)
  3 rats
23 creatures vanquished.

Vanquished Creatures (collateral kills)
  An adder (D:2)
  2 worms (D:2)
  A giant gecko (D:1)
  A bat (D:2)
5 creatures vanquished.

Grand Total: 28 creatures vanquished

Notes
Turn   | Place    | Note
--------------------------------------------------------------
     0 | D:1      | PolkaDot, the Vampire Summoner, began the quest for the Orb.
     0 | D:1      | Reached XP level 1. HP: 13/13 MP: 3/3
   301 | D:1      | Reached XP level 2. HP: 13/19 MP: 2/4
   355 | D:1      | Learned a level 2 spell: Call Imp
   686 | D:2      | Reached skill level 5 in Summonings
   686 | D:2      | Reached XP level 3. HP: 21/24 MP: 0/6
   822 | D:2      | Learned a level 3 spell: Call Canine Familiar
   937 | D:2      | HP: 1/24 [poisoned by an adder]
   942 | D:2      | Succumbed to an adder's poison

Action                   || total
-------------------------++-------
Melee: Hand axe          ||    80
       Unarmed           ||     2
 Cast: Summon Small Mamm ||     6
       Call Imp          ||     3
       Call Canine Famil ||     2
  Use: Potion            ||     5
       Scroll            ||     2
 Stab: Distracted        ||     1
       Sleeping          ||     1
  Eat: Corpse            ||     8
